 Dungeon Crawl Stone Soup version 0.30-a0-1124-g6e8f0f562f (webtiles) character file.

Game seed: 13025654590360165296

4453 Orangeyouglad the Trooper (level 10, -9/77 HPs)
             Began as a Human Wanderer on Apr 23, 2023.
             Was a High Priest of Zin.
             Mangled by a wyvern (17 damage)
             ... on level 9 of the Dungeon.
             The game lasted 00:33:06 (11031 turns).

Orangeyouglad the Trooper (Human Wanderer)         Turns: 11031, Time: 00:33:07

Health: -9/77      AC:  5    Str: 17    XL:     10   Next: 63%
Magic:  3/14       EV: 13    Int: 15    God:    Zin [*****.]
Gold:   310        SH:  0    Dex: 13    Spells: 8/15 levels left

rFire   + . .        y - +1 dire flail (protect)
rCold   + . .        (shield currently unavailable)
rNeg    . . .        g - +0 ring mail
rPois   ∞            w - +0 helmet
rElec   .            k - scarf {rC+ rF+}
rCorr   +            (no gloves)
SInv    .            m - +2 pair of boots
Will    .....        (no amulet)
Stlth   +            f - ring of poison resistance
HPRegen 0.32/turn    G - ring of resist corrosion
MPRegen 0.14/turn

%: no passive effects
@: vitalised, about to teleport, corroded
A: no striking features
a: Renounce Religion, Recite, Vitalisation, Imprison, Sanctuary, Donate Gold


You were on level 9 of the Dungeon.
You worshipped Zin.
Zin was extremely pleased with you.
You visited 2 branches of the dungeon, and saw 11 of its levels.
You also visited: Bailey.

You collected 697 gold pieces.
You spent 88 gold pieces at shops.
You donated 299 gold pieces to Zin.

Inventory:

Hand Weapons
 a - a +2 hand axe
 i - a +1 flail of protection
 x - a +0 mace of holy wrath
 y - a +1 dire flail of protection (weapon)
Missiles
 e - 6 poisoned darts (quivered)
 p - a throwing net
Armour
 b - the +2 plate armour of the Nice God {rPois Str+3}
   (You took it off an orc warrior in a bailey)

   Str:       It affects your strength (+3).
   rPois:     It protects you from poison.
 d - a +0 leather armour
 g - a +0 ring mail (worn)
 k - a scarf of resistance (worn)
 m - a +2 pair of boots (worn)
 w - a +0 helmet (worn)
 D - a +0 robe of the Archmagi
 H - a +1 kite shield of protection
Magical Staves
 B - a staff of air
Jewellery
 f - a ring of poison resistance (left hand)
 l - a ring of magical power
 G - a ring of resist corrosion (right hand)
Scrolls
 c - 5 scrolls of fog
 j - 2 scrolls of amnesia
 s - a scroll of noise {unknown}
 u - 2 scrolls of immolation
 v - a scroll of vulnerability {unknown}
 z - a scroll of enchant weapon {unknown}
 E - a scroll of magic mapping {unknown}
Potions
 n - a potion of invisibility {unknown}
 o - a potion of lignification
 q - a potion of curing
 r - 2 potions of resistance
 t - 4 potions of brilliance
 A - a potion of cancellation {unknown}
 C - 2 potions of mutation {unknown}
Miscellaneous
 F - a phial of floods (inert)


   Skills:
 + Level 6.4 Fighting
 - Level 2.0(3.8) Axes
 + Level 5.2(5.4) Maces & Flails
 + Level 2.3 Armour
 - Level 6.3 Dodging
 - Level 3.0 Spellcasting
 + Level 3.8 Hexes
 - Level 5.0 Transmutations
 - Level 2.0 Fire Magic
 - Level 5.9 Poison Magic
 + Level 3.6 Invocations
 - Level 3.0 Evocations


You had 8 spell levels left.
You knew the following spells:

 Your Spells              Type           Power      Damage    Failure   Level
a - Sting                 Tmut/Pois      72%        1d6       3%          1
b - Ignite Poison         Fire/Tmut/Pois 15%        N/A       19%         3
c - Tukima's Dance        Hex            13%        N/A       22%         3

Your spell library contained the following spells:

 Spells                   Type           Power      Damage    Failure   Level
 Scorch                   Fire           16%        2d6       24%         2
 Summon Small Mammal      Summ           8%         N/A       34%         1
 Portal Projectile        Hex/Tloc       16%        N/A       43%         3
 Summon Guardian Golem    Hex/Summ       8%         N/A       43%         3
 Call Canine Familiar     Summ           2%         N/A       71%         3
 Blade Hands              Tmut           8%         N/A       77%         5
 Flame Wave               Conj/Fire      5%         2d5       93%         4
 Summon Cactus Giant      Summ           1%         N/A       100%        6


Dungeon Overview and Level Annotations

Branches:
Dungeon (10/15)            Temple (1/1) D:5          Bailey (visited)
   Lair: D:8-11         Orc: D:9-12

Altars:
Fedhas
Gozag
Hepliaklqana
Kikubaaqudgha
Nemelex Xobeh
Ru
Uskayaw
Vehumet
Wu Jian
Zin

Shops:
D:4 :*   D:6 *

Annotations:
D:3 Grinder
D:7 Joseph


Message History

Confirm with . or Enter, or press ? or * to list all spells.
You ignite the poison in your surroundings!
The acid dragon seems to burn from within!
The acid dragon is almost dead.
The wyvern bites you.
The acid dragon bites you but does no damage.
The acid dragon claws you but does no damage.
The wyvern closely misses you.
Casting: Ignite Poison (dangerous; 21% risk of failure)
Confirm with . or Enter, or press ? or * to list all spells.
Aiming: Sting (safe; 4% risk of failure)
Press: ? - help, Shift-Dir - straight line, f/p - acid dragon
Aim: an acid dragon (severely wounded, 74% to hit)
The sting hits the acid dragon but does no damage.
The acid dragon is poisoned.
The acid dragon is severely wounded.
The acid dragon bites you.
The acid dragon claws you but does no damage.
The wyvern misses you.
Casting: Sting (safe; 4% risk of failure)
Confirm with . or Enter, or press ? or * to list all spells.
You ignite the poison in your surroundings!
The acid dragon seems to burn from within!
You kill the acid dragon!
The wyvern misses you.
The wyvern bites you but does no damage.
You closely miss the wyvern. The wyvern bites you!
* * * LOW HITPOINT WARNING * * *
Zin grants you divine stamina. The wyvern closely misses you.
The wyvern bites you!
* * * LOW HITPOINT WARNING * * *
You feel better.
The wyvern bites you but does no damage.
Okay, then.
Okay, then.
Okay, then.
Okay, then.
As you read the scroll of teleportation, it crumbles to dust.
You feel strangely unstable. The wyvern bites you!
You die...

#...#####..8888 ..
#...'.......... #
#...#####...... ..
#...........# ##
#.[.......).######
..#.
#...##...#........
....
#...##.......)....
#.
#...###l#..###..#.
.... #####
#@#........ ###.
#.#.#####.# #..
#.#.. ##. ..###
..gg ### #####g
#..... #..#.#
#..... ......#


You could see a wyvern.

Vanquished Creatures
  An ugly thing (D:10)
  Prince Ribbit (D:6)
  A yak (D:10)
  An acid dragon (D:9)
  A water moccasin (D:5)
  8 orc warriors
  3 black bears
  A sky beast (D:8)
  An ogre (D:7)
  3 centaurs
  2 phantoms
  Blork the orc (D:6)
  2 bullfrogs
  3 scorpions
  A gnoll sergeant (D:9)
  7 killer bees
  A howler monkey (D:10)
  A jelly (D:4)
  A gnoll bouda (D:9)
  3 orc priests
  3 hounds
  An iguana (D:6)
  2 sleepcaps
  6 orc wizards
  Natasha (thrice) (D:2)
  Robin (D:3)
  15 gnolls
  5 adders
  A shadow imp (D:5)
  2 ufetubi (D:6)
  6 worms
  3 dart slugs
  35 orcs
  6 ball pythons
  11 endoplasms
  2 giant cockroaches
  17 goblins
  12 hobgoblins
  8 kobolds
  6 quokkas
  5 bats
  3 frilled lizards
  3 rats
199 creatures vanquished.

Vanquished Creatures (collateral kills)
  A phantom (D:6)
  A gnoll sergeant (D:9)
  An orc priest (D:6)
  A gnoll (D:6)
  An adder (D:6)
  3 orcs (D:6)
8 creatures vanquished.

Vanquished Creatures (others)
  A yak (D:9)
  A dancing weapon (Bailey)
  A killer bee (D:9)
  A gnoll (D:6)
  A fungus (D:1)
  38 plants (D:8)
43 creatures vanquished.

Grand Total: 250 creatures vanquished

Notes
Turn   | Place    | Note
-------+----------+-------------------------------------------
     0 | D:1      | Orangeyouglad the Human Wanderer began the quest for the
                  | Orb.
     0 | D:1      | Orangeyouglad set off with the following items: a +2 hand
                  | axe, a wand of flame (5), a scroll of fog, a +0 leather
                  | armour; and the following spell memorised: Sting; and the
                  | following spells available to memorise: Ignite Poison.
     0 | D:1      | Reached XP level 1. HP: 13/13 MP: 2/2
    52 | D:1      | Reached XP level 2. HP: 20/20 MP: 3/3
   133 | D:1      | Found a faded altar of an unknown god.
   308 | D:1      | Reached XP level 3. HP: 23/25 MP: 5/5
   375 | D:1      | Reached skill level 1 in Fighting
   686 | D:2      | Noticed Natasha
   695 | D:2      | Killed Natasha
   696 | D:2      | Reached skill level 1 in Poison Magic
   696 | D:2      | Reached XP level 4. HP: 6/32 MP: 6/6
   884 | D:2      | Learned a level 3 spell: Ignite Poison
  1177 | D:2      | Noticed Natasha
  1191 | D:2      | Killed Natasha
  1192 | D:2      | Reached XP level 5. HP: 16/37 MP: 2/7
  1580 | D:2      | Noticed Natasha
  1597 | D:2      | Killed Natasha
  2149 | D:3      | Found a blossoming altar of Fedhas.
  2338 | D:3      | Noticed Robin
  2351 | D:3      | Killed Robin
  2466 | D:3      | Reached XP level 6. HP: 43/44 MP: 9/9
  2504 | D:3      | Reached skill level 1 in Fire Magic
  2616 | D:3      | HP: 2/66 [something/magic dart (5)]
  2927 | D:3      | Noticed Grinder
  3224 | D:4      | Found a glowing silver altar of Zin.
  3230 | D:4      | Became a worshipper of Zin the Law-Giver
  3230 | D:4      | Reached * piety under Zin
  3355 | D:4      | Donated 79 gold pieces to Zin
  3375 | D:4      | Reached XP level 7. HP: 34/51 MP: 10/10
  3676 | D:4      | Found Fuxuruts's General Store.
  3694 | D:4      | Bought a potion of heal wounds for 55 gold pieces
  3694 | D:4      | Bought a scroll of teleportation for 33 gold pieces
  4652 | D:4      | Found Xipophig's Tremendous Tomes.
  4750 | D:4      | Reached ** piety under Zin
  4827 | D:5      | Entered Level 5 of the Dungeon
  5347 | D:5      | Noticed a water moccasin
  5369 | D:5      | Reached XP level 8. HP: 45/58 MP: 12/12
  5430 | D:5      | Reached skill level 1 in Maces & Flails
  5622 | D:5      | Found a hide-covered altar of Uskayaw.
  5622 | D:5      | Found an ancient bone altar of Kikubaaqudgha.
  5628 | D:5      | Found a faded altar of an unknown god.
  5630 | D:5      | Found a faded altar of an unknown god.
  5632 | D:5      | Found a sparkling altar of Nemelex Xobeh.
  5720 | D:5      | Found a radiant altar of Vehumet.
  5987 | D:5      | Reached *** piety under Zin
  6037 | D:5      | Found a staircase to the Ecumenical Temple.
  6135 | Temple   | Entered the Ecumenical Temple
  6493 | D:6      | Found a hazy altar of Hepliaklqana.
  6511 | D:6      | Found an opulent altar of Gozag.
  6511 | D:6      | Found Gozag's Platinum Reserve.
  6585 | D:6      | Reached skill level 5 in Dodging
  6585 | D:6      | Reached XP level 9. HP: 66/66 MP: 13/13
  6615 | D:6      | Noticed Blork the orc
  6635 | D:6      | Killed Blork the orc
  6639 | D:6      | Reached **** piety under Zin
  6880 | D:6      | Reached skill level 5 in Transmutations
  7117 | D:6      | Learned a level 3 spell: Tukima's Dance
  7148 | D:7      | Noticed Prince Ribbit
  7163 | D:6      | Killed Prince Ribbit
  7355 | D:7      | Reached skill level 5 in Fighting
  7355 | D:7      | Reached skill level 1 in Hexes
  7355 | D:7      | Reached skill level 5 in Poison Magic
  7461 | D:7      | Noticed Joseph
  8553 | D:7      | Donated 151 gold pieces to Zin
  8607 | D:8      | Reached ***** piety under Zin
  8653 | D:8      | Reached skill level 1 in Invocations
  8746 | D:8      | Found a sacrificial altar of Ru.
  8754 | D:8      | You fall into a shaft and drop 1 floor!
  8933 | D:9      | Reached XP level 10. HP: 24/74 MP: 14/14
  8946 | D:9      | HP: 3/74 [gnoll/+0 halberd[a gnoll sergeant] (7)]
  9183 | D:10     | Entered Level 10 of the Dungeon
  9330 | D:10     | Noticed a red ugly thing
  9335 | D:10     | Found a flagged portal.
  9346 | Bailey   | Entered a bailey
  9784 | Bailey   | Identified the +2 plate armour of the Nice God {rPois
                  | Str+3}
  9842 | Bailey   | Reached skill level 1 in Armour
 10050 | Bailey   | HP: 3/76 [orc warrior/+0 halberd (7)]
 10593 | D:10     | Killed a red ugly thing
 10594 | D:10     | Reached skill level 5 in Maces & Flails
 11012 | D:9      | Found an ornate altar of the Wu Jian Council.
 11029 | D:9      | HP: 1/77 [wyvern (17)]
 11031 | D:9      | Mangled by a wyvern

Illustrated notes

Levels and vault maps discovered:
D:1:      dpeg_arrival_tiny_j, layout_loops_ring,
          dreamdust_ecumenical_altar_grove
D:2:      layout_basic, minivault_19, dreamdust_wishing_well, uniq_natasha
D:3:      layout_basic, overflow_temple_1_default, chequers_jeans, uniq_grinder,
          uniq_ijyb, uniq_robin
D:4:      layout_basic, kennysheep_mini, serial_shops, shop,
          nicolae_shop_i_like_big_books
D:5:      layout_gridville, nicolae_overflow_hidden_temple,
          chequers_temple_overflow_minitemple, minmay_temple_entry_glassed_door
D:6:      layout_basic, mainiacjoe_overflow_surrounded_room,
          nicolae_gozag_zags_fifth_avenue, uniq_blork_the_orc
D:7:      layout_loops_ring, minivault_26, uniq_joseph, uniq_prince_ribbit1
D:8:      layout_basic, lemuel_crystal_altar, amcnicky_altar_gilded,
          lemuel_mausoleum_altar_yredelemnul, david_lair_shrubbed,
          enter_ossuary_5
D:9:      layout_basic, mainiacjoe_overflow_chevrons, uniq_psyche
D:10:     layout_loops_ring, minitemple, enter_bailey_3,
          hangedman_decor_growths, skrybe_limestone_x, kennysheep_generic_room_8
Temple:   ebering_the_none_and_only

Skill      XL: |  1  2  3  4  5  6  7  8  9 10 |
---------------+-------------------------------+-----
Fighting       | 1 2 3 4 5 6 |  6.4
Poison Magic   | 1 2 3 4 5 |  5.9
Spellcasting   | 2 3 |  3.0
Evocations     | 3 |  3.0
Dodging        | 3 4 5 6 |  6.3
Fire Magic     | 1 2 |  2.0
Maces & Flails | 2 4 5 |  5.2
Transmutations | 4 5 |  5.0
Hexes          | 2 3 |  3.8
Invocations    | 1 3 |  3.6
Armour         | 2 |  2.3
Axes           | |  2.0

Action                     |  1- 3 |  4- 6 |  7- 9 | 10-12 || total
---------------------------+-------+-------+-------+-------++-------
  Melee: Hand axe          |    67 |   146 |    81 |       ||   294
         Punch             |       |     1 |     7 |       ||     8
         Flail             |       |       |    91 |       ||    91
         Dire flail        |       |       |   141 |   155 ||   296
  Throw: Dart              |       |     5 |    13 |     2 ||    20
   Cast: Sting             |       |    61 |    59 |    37 ||   157
         Ignite Poison     |       |     3 |     8 |     9 ||    20
         Tukima's Dance    |       |       |     1 |     1 ||     2
 Invoke: Donate Gold       |       |     1 |     1 |       ||     2
         Recite            |       |       |     2 |     6 ||     8
         Vitalisation      |       |       |       |     5 ||     5
         Imprison          |       |       |       |     1 ||     1
  Evoke: Wand              |     2 |     3 |    10 |       ||    15
         Phial of floods   |       |       |       |     1 ||     1
    Use: Scroll            |       |     3 |     5 |     3 ||    11
         Potion            |       |     2 |       |     7 ||     9
   Stab: Sleeping          |       |       |     1 |       ||     1
         Invisible         |       |       |       |     1 ||     1
 Armour: Leather armour    |    19 |    58 |    11 |       ||    88
         Ring mail         |       |       |   208 |    82 ||   290
  Dodge: Dodged            |    44 |   107 |   295 |   165 ||   611

Table legend: (Time is in decaauts)
 A = Elapsed time spent in this place.
 B = Non-inter-level travel time spent in this place.
 C = Inter-level travel time spent in this place.
 D = Time resting spent in this place.
 E = Time spent auto-exploring this place.
 F = Levels seen in this place.
 G = Mean time per level.
                   A        B        C        D        E       F      G
               +--------+--------+--------+--------+--------+-----+--------+
         Total |  11169 |  10688 |    481 |   3141 |   3924 |  12 |  930.8 |
       Dungeon |   9900 |   9419 |    481 |   2512 |   3924 |  10 |  990.0 |
        Temple |     19 |     19 |      0 |      0 |      0 |   1 |   19.0 |
        Bailey |   1249 |   1249 |      0 |    629 |      0 |   1 | 1249.0 |
               +--------+--------+--------+--------+--------+-----+--------+

Top non-repeatable levels by time:
     D:4: 1706 daAuts
     D:2: 1545 daAuts
     D:5: 1409 daAuts
  Bailey: 1249 daAuts
     D:7: 1195 daAuts
     D:6: 1171 daAuts
     D:3: 944 daAuts
     D:1: 700 daAuts
     D:9: 554 daAuts
    D:10: 493 daAuts
     D:8: 179 daAuts
  Temple: 19 daAuts
